 Dungeon Crawl Stone Soup version 0.28.0-53-g5a82cb258f (webtiles) character file.

Game seed: 15129833250690397538

35 MandrewTheMage the Caller (level 3, 0/20 HPs)
             Began as a Tengu Summoner on Aug 20, 2022.
             Slain by Terence
             ... wielding a +0 short sword
              (5 damage)
             ... on level 2 of the Dungeon.
             The game lasted 00:24:05 (2104 turns).

MandrewTheMage the Caller (Tengu Summoner)          Turns: 2104, Time: 00:24:05

Health: 0/20       AC:  2    Str:  7 (8)  XL:     3   Next: 35%
Magic:  5/7        EV: 12    Int: 17      God:
Gold:   14         SH:  0    Dex: 12 (14) Spells: 3/6 levels left

rFire   . . .      SeeInvis .   e - +0 short sword
rCold   . . .      Faith    .   (no shield)
rNeg    . . .      Spirit   .   a - +0 robe
rPois   .          Reflect  .   (helmet restricted)
rElec   .          Harm     .   (no cloak)
rCorr   .          Rampage  .   (no gloves)
Will    .....                   (boots unavailable)
Stlth   ++........              (no amulet)
HPRegen 0.06/turn               (no ring)
MPRegen 0.10/turn               (no ring)

@: no status effects
A: beak, talons 3
a: no special abilities


You were on level 2 of the Dungeon.
You visited 1 branch of the dungeon, and saw 2 of its levels.

You collected 14 gold pieces.

Inventory:

Hand Weapons
 e - a +0 short sword (weapon)
Missiles
 d - 42 stones (quivered)
Armour
 a - a +0 robe (worn)
Scrolls
 c - 3 scrolls of teleportation {unknown}
 g - a scroll of identify {unknown}


   Skills:
 + Level 0.5 Fighting
 + Level 2.4 Dodging
 + Level 2.1 Stealth
 + Level 0.1 Unarmed Combat
 + Level 2.3 Spellcasting
 + Level 5.5 Summonings


You had 3 spell levels left.
You knew the following spells:

 Your Spells              Type           Power      Damage    Failure   Level
a - Summon Small Mammal   Summ           80%        N/A       1%          1
b - Call Imp              Summ           20%        N/A       3%          2

Your spell library contained the following spells:

 Spells                   Type           Power      Damage    Failure   Level
 Call Canine Familiar     Summ           20%        N/A       6%          3
 Animate Skeleton         Necr           4%         N/A       19%         1
 Magic Dart               Conj           8%         1d3       19%         1
 Pain                     Necr           8%         1d4       19%         1
 Summon Guardian Golem    Hex/Summ       11%        N/A       19%         3
 Mephitic Cloud           Conj/Pois/Air  2%         N/A       50%         3
 Vampiric Draining        Necr           2%         2d6       50%         3
 Summon Lightning Spire   Summ/Air       11%        N/A       52%         4


Dungeon Overview and Level Annotations

Branches:
Dungeon (2/15)

Altars:

Annotations:
D:2 Terence


Innate Abilities, Weirdness & Mutations

You have a beak for a mouth.
You have claws for feet.


Message History

Terence misses your bat.
Your bat hits Terence but does no damage.
Your bat barely misses Terence.
Your bat hits Terence but does no damage.
Your magical contamination has completely faded away.
Your bat barely misses Terence.
Your crimson imp closely misses Terence.
Your bat hits Terence but does no damage.
Terence hits you with a +0 short sword!
Your bat barely misses Terence.
Your crimson imp hits Terence but does no damage.
Terence hits your crimson imp with a +0 short sword.
Your bat completely misses Terence.
Your crimson imp blinks!
Your bat barely misses Terence. x2
Your bat hits Terence but does no damage.
Your bat hits Terence but does no damage.
Your crimson imp blinks!
Your bat barely misses Terence.
Terence barely misses you.
Your bat hits Terence but does no damage.
Your bat barely misses Terence.
Your bat closely misses Terence.
Casting: Summon Small Mammal (safe; 1% risk of failure)
Confirm with . or Enter, or press ? or * to list all spells.
A beastly little devil appears in a puff of frigid air.
Your bat disappears in a puff of smoke!
Terence hits you with a +0 short sword!
* * * LOW HITPOINT WARNING * * *
As you read the scroll labelled HACWOU AH QIL, it crumbles to dust.
You speak a Word of immense power!
Your white imp convulses!
You kill your white imp!
Your white imp disappears in a puff of smoke!
It was a scroll of holy word.
Terence says, "Rest in peace."
Terence closely misses you.
As you read the scroll labelled SIQ JEUREONI, it crumbles to dust.
You feel aware of your surroundings.
It was a scroll of magic mapping.
Terence hits you with a +0 short sword.
You die...

...........# #.......######
...........###............#
............##............#
..........................#
...............#.####.....#
..#............#.# ##.....# ****
.###...........#.###......###*,,,
.####........................,,,,
................@§.......≈....,,,
...##..........@#.......≈≈....,,,
.#..####........#......≈≈≈≈...,,,
.##.#**#.#.............≈≈≈≈...,,,
.#*...,,...?..........≈≈≈≈≈≈^,,,,
.#*,...,##...........≈≈≈≈≈≈≈.,,,,
.#**##..*#..........≈≈≈≈≈≈§≈.,,,,
.#,,,,.........##...≈≈≈≈≈≈≈≈.,,,,
...,,,,,....##.,..≈≈≈≈≈≈≈≈≈≈,,,,,


You could see Terence.

Vanquished Creatures
  A dart slug (D:1)
  An endoplasm (D:1)
  A quokka (D:1)
  A ball python (D:1)
  A bat (D:1)
  A rat (D:1)
6 creatures vanquished.

Vanquished Creatures (collateral kills)
  An adder (D:2)
  2 dart slugs (D:1)
  3 bats
  An endoplasm (D:1)
  A goblin (D:1)
  2 hobgoblins (D:1)
  3 ball pythons
  A kobold (D:1)
14 creatures vanquished.

Grand Total: 20 creatures vanquished

Notes
Turn   | Place    | Note
-------+----------+-------------------------------------------
     0 | D:1      | MandrewTheMage the Tengu Summoner began the quest for the
                  | Orb.
     0 | D:1      | Reached XP level 1. HP: 10/10 MP: 4/4
   648 | D:1      | Reached skill level 5 in Summonings
  1101 | D:1      | Reached XP level 2. HP: 15/15 MP: 6/6
  1105 | D:1      | Learned a level 2 spell: Call Imp
  1463 | D:1      | Found a faded altar of an unknown god.
  1661 | D:2      | Reached XP level 3. HP: 10/20 MP: 3/7
  2070 | D:2      | Noticed Terence
  2104 | D:2      | Slain by Terence

Illustrated notes

Levels and vault maps discovered:
D:1:      dpeg_arrival_line_fractal, layout_basic,
          shapermc_ecumenical_altar_venn
D:2:      layout_rooms, lemuel_old_faithful, uniq_terence

Skill      XL: |  1 |
---------------+----+-----
Summonings     | 5 |  5.5
Fighting       | |  0.5
Dodging        | |  2.4
Stealth        | |  2.1
Unarmed Combat | |  0.1
Spellcasting   | |  2.3

Action                   || total
-------------------------++-------
Melee: Unarmed           ||    15
       Kick              ||     6
       Peck              ||     1
       Punch             ||     1
Throw: Stone             ||     4
 Cast: Summon Small Mamm ||    13
       Call Imp          ||    13
  Use: Potion            ||     2
       Scroll            ||     2
Armor: Robe              ||     5
Dodge: Dodged            ||    10
